Map: [EWC] Alcyone

Players

Cure

  • Race: Terran Terran
  • Spawn Location: 1:00

Reynor - Winner!

  • Race: Zerg Zerg
  • Spawn Location: 7:00

Event: Esports World Cup 2024

VOD

Have the link to the VOD?

Description

Time

  • Played on: Aug. 14, 2024, 1:34 p.m.
  • Length: 18:59

All games in this series

Show
View Real Time Build Order
Export as new Build Order

Cure Terran 

Build Orders:  

Get SALT Encoding   

  12  0:00  SCV  
  13  0:12  SCV  
  14  0:18  Supply Depot  
  14  0:24  SCV  
  15  0:40  SCV  
  15  0:42  Barracks  
  16  0:43  Refinery  
  16  0:52  SCV  
  17  0:58  Barracks  
  17  1:04  SCV  
  18  1:16  SCV  
  19  1:19  Barracks  
  19  1:29  Reaper  
  20  1:34  Orbital Command  
  20  1:41  Refinery  
  20  1:45  Reaper  
  21  1:53  Supply Depot  
  21  2:00  SCV  
  22  2:02  Reaper  
  23  2:14  SCV, Reaper  
  25  2:17  Supply Depot  
  25  2:23  Reaper  
  25  2:27  SCV  
  27  2:34  Reaper  
  28  2:39  SCV  
  29  2:47  Reaper  
  29  2:51  SCV  
  31  2:55  Reaper  
  32  3:06  Reaper  
  32  3:09  Command Center  
  32  3:10  SCV  
  33  3:23  SCV  
  33  3:24  Barracks Reactor  
  34  3:27  Engineering Bay  
  34  3:33  Barracks Tech Lab  
  34  3:35  SCV  
  34  3:40  Barracks Reactor  
  35  3:47  SCV  
  36  3:55  Marine, Stimpack  
  34  3:59  SCV  
  34  4:01  Factory  
  35  4:07  Marine x2  
  34  4:11  SCV  
  34  4:13  Marine  
  34  4:16  Marine x2  
  36  4:22  Orbital Command, Terran Infantry Weapons Level 1  
  36  4:23  SCV  
  37  4:25  Marine x2  
  37  4:30  Marine  
  40  4:34  Marine x2  
  40  4:35  SCV  
  43  4:39  Refinery  
  43  4:45  Starport  
  43  4:46  Factory Reactor  
  43  4:47  SCV x2  
  43  4:48  Marine x3  
  43  4:52  Marine x2  
  50  4:59  Supply Depot, SCV x2  
  52  5:04  Supply Depot  
  52  5:11  SCV x2  
  54  5:20  Supply Depot, Marine x5  
  59  5:24  SCV x2  
  61  5:32  Refinery  
  61  5:33  Medivac x2  
  61  5:34  Factory Tech Lab  
  65  5:36  Combat Shield  
  65  5:40  Marine x4  
  65  5:42  Marine  
  70  5:44  SCV x2  
  70  5:48  Supply Depot  
  72  5:53  Siege Tank  
  76  5:57  SCV x2  
  76  6:01  Supply Depot  
  76  6:02  Marine  
  78  6:09  Marine x4  
  82  6:12  Supply Depot  
  82  6:14  SCV  
  82  6:15  SCV  
  82  6:18  Terran Infantry Armor Level 1  
  84  6:24  Marine  
  85  6:27  Marine x4  
  85  6:28  Siege Tank  
  85  6:30  Medivac  
  94  6:40  Supply Depot  
  94  6:42  Supply Depot  
  94  6:44  Marine  
  94  6:45  Marine x4  
  99  6:50  Medivac  
  101  7:02  Siege Tank, Liberator  
  101  7:05  Marine x5  
  112  7:19  Armory  
  112  7:20  Supply Depot x2  
  110  7:28  Marine x4  
  107  7:32  Liberator  
  107  7:36  Marine  
  111  7:44  Siege Tank, Liberator  
  111  7:45  Marine x4  
  111  7:50  Supply Depot  
  121  8:02  Marine  
  121  8:03  Marine x4  
  117  8:16  Siege Tank  
  117  8:18  Liberator  
  122  8:20  Marine  
  122  8:21  Marine x4  
  127  8:33  Terran Infantry Weapons Level 2  
  127  8:35  Supply Depot  
  127  8:38  Marine  
  127  8:39  Marine x4  
  132  8:48  Siege Tank  
  132  8:52  Terran Vehicle Weapons Level 1  
  132  8:54  Supply Depot  
  132  8:55  Liberator  
  135  8:56  Marine  
  135  8:57  Marine x4  
  135  9:01  Liberator  
  146  9:10  Supply Depot  
  146  9:11  Supply Depot  
  146  9:14  Marine x2  
  148  9:22  Marine x3  
  149  9:24  Siege Tank  
  152  9:32  Marine x2  
  154  9:40  Marine x3  
  154  9:43  Liberator  
  154  9:44  Liberator  
  163  9:49  Marine  
  163  9:50  Marine  
  165  9:57  Siege Tank  
  165  9:58  Marine x3  
  168  10:07  Marine  
  168  10:08  Marine  
  168  10:11  Supply Depot  
  168  10:16  Marine x3  
  171  10:25  Marine  
  171  10:26  Marine  
  173  10:33  Marine x3  
  172  10:38  Siege Tank  
  172  10:42  Liberator  
  172  10:43  Marine x2  
  176  10:51  Marine x3  
  135  11:01  Marine x2  
  124  11:09  Marine x3  
  127  11:18  Marine  
  127  11:19  Marine  
  127  11:21  Siege Tank  
  129  11:27  Marine x3, Medivac  
  129  11:28  Medivac  
  130  11:36  Marine  
  130  11:37  Marine  
  101  11:45  Marine x3  
  95  11:49  Terran Infantry Weapons Level 3  
  95  11:54  Orbital Command  
  95  11:55  Marine  
  97  12:02  Marine x2  
  97  12:03  Marine  
  97  12:08  Siege Tank, Marine  
  103  12:18  Marine  
  103  12:20  Marine  
  105  12:22  Barracks  
  105  12:24  Marine  
  105  12:25  Marine, Barracks  
  107  12:37  Marine x2  
  104  12:38  Marine  
  104  12:42  Marine  
  111  12:54  Marine x3  
  111  12:56  Marine  
  115  12:59  Marine  
  115  13:02  Medivac x2  
  120  13:09  Barracks Reactor  
  120  13:12  SCV x2  
  118  13:17  Command Center  
  118  13:18  Barracks Reactor  
  118  13:26  Widow Mine x2  
  122  13:28  SCV x2  
  124  13:35  Medivac x2  
  124  13:40  SCV x2  
  130  13:46  Concussive Shells  
  130  13:48  Barracks  
  130  13:49  Barracks  
  130  13:50  Barracks  
  130  13:55  Sensor Tower  
  130  13:59  Marauder  
  130  14:00  Marauder  
  129  14:08  Widow Mine x2  
  133  14:16  Medivac x2  
  137  14:20  Marine x2  
  137  14:21  Marauder  
  141  14:24  Marine x2  
  141  14:26  Terran Infantry Armor Level 2  
  143  14:35  Barracks Tech Lab  
  143  14:38  Barracks Tech Lab x2  
  143  14:48  Marauder x2, Widow Mine x2  
  155  15:00  Marauder x2  
  159  15:16  Liberator x2  
  161  15:22  Planetary Fortress  
  161  15:25  Marine x2  
  161  15:26  Marauder x2  
  156  15:46  Marine x6, Marauder x3  
  156  15:47  Marauder, Widow Mine  
  156  15:48  Marine  
  164  15:50  Command Center  
  157  16:04  Marine x5  
  157  16:06  Marine, Marauder  
  157  16:07  Marine  
  157  16:08  Marauder  
  157  16:10  Widow Mine x2  
  172  16:11  Marine  
  172  16:12  Marauder  
  174  16:22  Marine  
  174  16:24  Orbital Command  
  172  16:33  Marine x2, Marauder  
  172  16:34  Marauder x2  
  173  16:50  Widow Mine x2  
  168  16:55  Marine x4  
  169  17:05  Orbital Command  
  169  17:12  Marine x7, Widow Mine  
  169  17:13  Marine x3  
  181  17:20  Marine  
  182  17:28  Orbital Command  
  182  17:29  Marine x2  
  182  17:30  Marine x4, Marauder  
  182  17:31  Marine x2  
  173  17:43  Marine x2  
  144  17:47  Marine x2  
  144  17:48  Marine x3  
  144  17:51  Marine  
  115  17:54  Marine  
  104  18:03  Marine x3  
  98  18:13  Marine x5  
  98  18:17  Marine x2  
  103  18:21  Marine x2  
  103  18:22  Marine  
  88  18:38  Marine x4  
  88  18:40  Marine x6  
  88  18:41  Marine  
Show
View Real Time Build Order
Export as new Build Order

Reynor Zerg - Winner!

Build Orders: Hatch First 

Get SALT Encoding   

  12  0:00  Drone  
  13  0:12  Overlord  
  13  0:16  Drone  
  14  0:30  Drone x2  
  16  0:47  Hatchery  
  15  0:50  Drone  
  15  0:54  Drone  
  18  0:57  Drone  
  18  1:07  Extractor  
  17  1:12  Spawning Pool  
  17  1:15  Drone  
  17  1:18  Drone  
  18  1:28  Drone  
  19  1:38  Drone  
  20  1:48  Overlord  
  20  1:59  Queen x2  
  20  2:00  Zergling x4  
  26  2:08  Metabolic Boost  
  26  2:09  Drone  
  26  2:10  Drone  
  28  2:20  Zergling x2  
  28  2:21  Zergling x2  
  30  2:32  Drone x2  
  30  2:34  Queen  
  34  2:38  Queen  
  34  2:41  Overlord  
  35  2:56  Overlord  
  35  3:00  Zergling x2  
  35  3:04  Zergling x2  
  35  3:05  Zergling x4  
  39  3:12  Queen  
  39  3:14  Zergling x2  
  41  3:22  Queen, Zergling x8  
  41  3:26  Overlord  
  47  3:34  Zergling x2  
  48  3:37  Drone  
  49  3:43  Drone x2  
  49  3:44  Overlord  
  49  3:46  Drone  
  52  3:49  Drone x4  
  52  3:53  Drone  
  51  4:08  Drone x2  
  50  4:10  Hatchery, Drone  
  50  4:13  Queen  
  50  4:15  Drone  
  52  4:19  Queen  
  52  4:24  Drone x2  
  55  4:31  Overlord  
  56  4:32  Drone x3  
  56  4:34  Extractor  
  56  4:37  Drone  
  59  4:41  Drone x2  
  59  4:42  Drone  
  59  4:44  Drone  
  63  4:49  Queen  
  63  4:51  Drone, Baneling Nest  
  65  4:55  Drone  
  68  5:00  Overlord  
  68  5:04  Drone x2  
  68  5:05  Drone  
  68  5:06  Drone  
  72  5:11  Drone x2  
  72  5:12  Drone  
  75  5:17  Lair  
  75  5:18  Overlord  
  75  5:20  Zergling x2  
  74  5:26  Zergling x4  
  74  5:27  Queen  
  78  5:31  Zergling x2  
  78  5:34  Zergling x6  
  78  5:35  Zergling x2  
  82  5:37  Extractor  
  82  5:40  Drone x2  
  82  5:42  Zergling x4  
  85  5:44  Evolution Chamber x2  
  85  5:45  Overlord  
  85  5:46  Zergling x2  
  85  5:49  Zergling x2  
  85  5:50  Queen  
  85  5:54  Overlord  
  85  5:56  Zergling x6  
  90  6:00  Overlord  
  90  6:05  Drone  
  90  6:06  Drone  
  90  6:07  Drone  
  90  6:08  Zergling x4  
  96  6:13  Zergling x6  
  96  6:14  Baneling x6, Zerg Ground Armor Level 1  
  96  6:16  Queen  
  96  6:18  Zergling x4  
  103  6:20  Centrifugal Hooks  
  103  6:23  Zergling x4  
  103  6:24  Zergling x2  
  106  6:26  Overlord  
  106  6:31  Zergling x4  
  108  6:38  Zergling x8  
  112  6:41  Zergling x2  
  112  6:42  Burrow  
  112  6:43  Zergling x2  
  114  6:49  Baneling x3  
  114  6:50  Baneling x3, Zergling x4  
  114  6:53  Zergling x6  
  119  6:56  Queen, Zergling x2  
  119  6:59  Overlord  
  122  7:03  Overlord  
  122  7:04  Hatchery  
  121  7:16  Overlord  
  121  7:18  Zergling x14  
  121  7:21  Zergling x6  
  125  7:24  Baneling x5  
  125  7:26  Zergling x4  
  125  7:29  Zergling x2  
  121  7:33  Zergling x2  
  121  7:34  Zergling x4  
  123  7:37  Queen x2  
  123  7:42  Baneling, Zergling x12  
  123  7:43  Baneling x4  
  133  7:47  Hatchery, Overlord  
  132  7:52  Zergling x2  
  132  7:53  Zergling x6  
  132  7:55  Zergling x2  
  132  7:58  Queen  
  132  8:02  Zergling x2  
  132  8:03  Zergling x2  
  132  8:04  Zergling x2  
  132  8:10  Zergling x12  
  132  8:11  Zerg Ground Armor Level 2  
  132  8:12  Baneling x4  
  138  8:13  Baneling x3  
  138  8:16  Zergling x4  
  140  8:24  Overlord  
  140  8:25  Zergling x8  
  140  8:26  Queen  
  146  8:29  Zergling x2  
  146  8:32  Zergling x2  
  148  8:36  Drone  
  148  8:37  Queen, Evolution Chamber  
  150  8:42  Zergling x2  
  150  8:44  Zergling x2  
  150  8:45  Queen  
  149  8:50  Baneling  
  149  8:51  Baneling x10  
  149  8:52  Zergling x2  
  149  8:53  Zergling x2  
  151  8:58  Zergling x8  
  151  9:01  Zergling x4  
  151  9:02  Queen  
  159  9:03  Zerg Melee Weapons Level 1  
  159  9:07  Zergling x2  
  159  9:08  Zergling x4  
  161  9:10  Zergling x2  
  161  9:13  Zergling x6  
  161  9:14  Zergling x2  
  166  9:19  Overlord  
  166  9:20  Zergling x4  
  166  9:22  Overlord  
  167  9:25  Zergling x2  
  167  9:28  Overlord  
  168  9:32  Overlord  
  169  9:38  Zergling x10  
  169  9:41  Baneling x8  
  169  9:45  Zergling x8  
  177  9:47  Zergling x4  
  177  9:51  Zergling x2  
  180  9:54  Zergling x4  
  180  9:56  Zergling x2  
  180  10:02  Zergling x2  
  180  10:04  Zergling x2  
  180  10:05  Zergling x2  
  180  10:06  Zergling x2  
  184  10:07  Baneling x6  
  184  10:09  Zergling x4  
  184  10:10  Zergling x2  
  184  10:13  Zergling x6  
  186  10:14  Queen  
  186  10:16  Zergling x6  
  186  10:17  Zergling x2  
  191  10:21  Baneling  
  191  10:22  Baneling x4  
  191  10:25  Zergling x4  
  191  10:26  Zergling x2  
  194  10:32  Zergling x2  
  181  10:37  Zergling x6  
  181  10:38  Zergling x8  
  181  10:41  Zergling x6  
  185  10:48  Zergling x2  
  177  10:54  Zergling x2  
  177  10:55  Zergling x4  
  127  10:58  Zergling x2  
  127  11:00  Queen x2, Zergling x6  
  126  11:07  Baneling x10  
  126  11:10  Zergling x8  
  126  11:11  Zergling x4  
  132  11:13  Baneling x8  
  132  11:17  Zergling x2  
  133  11:24  Zergling x8  
  135  11:26  Queen  
  135  11:31  Zergling x2  
  135  11:32  Zergling x2  
  134  11:33  Queen  
  134  11:35  Zergling x4  
  134  11:36  Queen  
  117  11:40  Queen  
  117  11:42  Zergling x8  
  117  11:43  Zergling x4  
  118  11:48  Zergling x4  
  118  11:49  Zergling x4  
  122  11:55  Zergling x4  
  122  11:56  Zergling x4  
  122  12:00  Zergling x6  
  129  12:03  Zergling x2  
  130  12:11  Baneling x9  
  130  12:13  Drone x2  
  130  12:15  Drone x3  
  134  12:17  Zergling x6  
  134  12:19  Drone  
  139  12:24  Baneling x2, Infestation Pit  
  139  12:27  Drone x4  
  139  12:28  Drone x2  
  144  12:41  Zergling x10  
  149  12:44  Zergling x6  
  149  12:46  Hatchery  
  149  12:47  Zerg Melee Weapons Level 2  
  151  12:53  Zergling x4  
  151  12:54  Zergling x6  
  156  12:59  Baneling x2  
  156  13:00  Zergling x12  
  156  13:05  Hive  
  161  13:09  Zergling x12  
  161  13:10  Zergling x2  
  168  13:18  Drone x2  
  170  13:20  Overlord  
  170  13:21  Overlord  
  170  13:22  Spore Crawler, Zergling x2  
  170  13:23  Zergling x6  
  173  13:31  Zergling x4  
  173  13:32  Overlord  
  175  13:35  Baneling x11  
  175  13:46  Drone  
  175  13:47  Drone x3  
  179  13:49  Drone x3, Extractor  
  179  13:51  Baneling x2, Drone  
  179  13:52  Hydralisk Den, Zergling x12, Extractor  
  186  13:56  Zergling x8  
  186  14:01  Zergling x8  
  193  14:04  Zergling x4  
  194  14:19  Viper  
  194  14:23  Spore Crawler  
  194  14:24  Spore Crawler  
  195  14:25  Adrenal Glands  
  195  14:27  Viper  
  198  14:32  Spore Crawler  
  196  14:42  Hatchery, Baneling x6  
  196  14:43  Baneling x4  
  195  14:54  Zergling x10  
  197  15:04  Drone x3  
  197  15:06  Zerg Ground Armor Level 3, Extractor  
  198  15:19  Muscular Augments  
  196  15:31  Hatchery  
  179  15:44  Zergling x52  
  179  15:47  Overlord  
  179  15:49  Zerg Missile Weapons Level 1  
  198  15:57  Drone  
  200  16:04  Drone  
  200  16:15  Baneling x2  
  197  16:21  Zergling x16  
  197  16:23  Grooved Spines  
  197  16:24  Hydralisk x8  
  200  16:30  Baneling x12  
  200  16:31  Baneling, Spore Crawler  
  198  16:38  Hydralisk  
  186  16:54  Drone x7  
  186  16:59  Hydralisk  
  186  17:00  Zergling x8  
  199  17:01  Baneling x12  
  199  17:05  Baneling  
  199  17:06  Baneling x10  
  199  17:08  Overseer  
  199  17:13  Zergling x2  
  199  17:26  Zergling x8  
  193  17:31  Zergling x2  
  193  17:32  Zergling x18  
  195  17:43  Hydralisk  
  165  17:44  Zergling x50  
  165  17:51  Zergling x2, Hydralisk x8  
  157  17:52  Queen, Zergling x4  
  157  17:55  Hydralisk x2  
  157  17:56  Zergling x6  
  170  17:59  Zergling x2  
  170  18:02  Hydralisk x2  
  170  18:04  Baneling x17  
  174  18:07  Zergling x16  
  174  18:10  Zergling x2  
  178  18:25  Hydralisk  
  178  18:26  Zergling x24  
  183  18:29  Zergling x2  
  183  18:30  Hydralisk  
  183  18:31  Zergling x4  
  183  18:33  Hydralisk  
  174  18:38  Zergling x10  
  166  18:41  Zergling x2  
Tags
 
Add a new tag
Caveats
  • Supply blocks, unpowered buildings, or Contaminate may cause inaccurate times.
  • Supply counts are checked every 10 seconds.